 Dungeon Crawl Stone Soup version 0.21-a0-85-ga0cb861 (webtiles) character file.

437 grindst0ne the Shield-Bearer (level 7, -1/55 HPs)
             Began as a Formicid Fighter on June 25, 2017.
             Was a Believer of Okawaru.
             Killed by divine providence
             ... invoked by an orc priest
              (15 damage)
             ... on level 4 of the Dungeon.
             The game lasted 00:04:16 (2712 turns).

grindst0ne the Shield-Bearer (Formicid Fighter)     Turns: 2712, Time: 00:04:17

Health: -1/55      AC:  8    Str: 21    XL:     7   Next: 21%
Magic:  7/7        EV:  8    Int:  7    God:    Okawaru [**....]
Gold:   213        SH: 10    Dex: 12    Spells: 6/6 levels left

rFire    . . .     SeeInvis +   v - +6 scythe (flame)
rCold    . . .     Gourm    .   c - +0 shield
rNeg     . . .     Faith    +   b - +0 scale mail
rPois    .         Spirit   .   (helmet unavailable)
rElec    .         Reflect  .   (no cloak)
rCorr    .         Harm     .   w - +0 pair of gloves
MR       .....                  (no boots)
Stlth    ..........             l - amulet of faith
HPRegen  0.18/turn              (no ring)
MPRegen  0.10/turn              (no ring)

@: no status effects
A: permanent stasis, dig shafts and tunnels, four strong arms, antennae 3
a: Dig, Shaft Self, Heroism, Renounce Religion


You were on level 4 of the Dungeon.
You worshipped Okawaru.
Okawaru was pleased with you.
You were not hungry.

You visited 1 branch of the dungeon, and saw 4 of its levels.

You collected 213 gold pieces.

Inventory:

Hand Weapons
 a - a +0 war axe
 v - a +6 scythe of flaming (weapon)
Missiles
 y - 8 javelins (quivered)
Armour
 b - a +0 scale mail (worn)
 c - a +0 shield (worn)
 w - a +0 pair of gloves (worn)
Jewellery
 l - an amulet of faith (around neck)
 A - an uncursed ring of ice {unknown}
Wands
 t - a wand of random effects (25/48)
Scrolls
 j - 2 scrolls of enchant weapon {unknown}
 k - 2 scrolls of recharging {unknown}
 n - 6 scrolls of identify {unknown}
 r - a scroll of fear {unknown}
 z - a scroll of magic mapping {unknown}
Potions
 d - 5 potions of might
 e - 2 potions of curing {unknown}
 h - 2 potions of resistance {unknown}
 m - 6 potions of heal wounds {unknown}
 p - 2 potions of mutation {unknown}
 q - 2 potions of degeneration {unknown}
 s - a potion of haste {unknown}
 x - a potion of agility {unknown}
Comestibles
 f - 3 bread rations
 g - a royal jelly
 i - 4 fruits
 o - a meat ration
 u - 5 chunks of flesh


   Skills:
 + Level 4.8 Fighting
 + Level 4.1 Axes
 + Level 5.0 Armour
 + Level 5.6 Shields


You had 6 spell levels left.
You didn't know any spells.

Dungeon Overview and Level Annotations

Branches:
Dungeon (4/15)             Temple (0/1) D:4

Altars:
Ashenzari
Okawaru
Zin


Innate Abilities, Weirdness & Mutations

You cannot be hasted, slowed, berserked, paralysed or teleported.
You can dig through walls and to a lower floor.
Your four strong arms can wield two-handed weapons with a shield.
You have a pair of large antennae on your head. (SInv)


Message History

The orc priest mumbles some strange prayers to Beogh against you.
Beogh smites you! You block the orc's attack.
Found an escape hatch in the floor.
You dig through the rock wall.
You dig through the rock wall.
You dig through the rock wall.
You block the orc's attack.
You retract your mandibles.
You slash the orc! You burn the orc.
You kill the orc!
Okawaru accepts your kill. The orc hits you with a mace.
You barely miss the orc priest.
The orc priest invokes the aid of Beogh against you.
Pain shoots through your body! The orc hits you with a mace.
* * * LOW HITPOINT WARNING * * *
You block the orc priest's attack.
You closely miss the orc priest. The orc hits you with a mace.
* * * LOW HITPOINT WARNING * * *
The orc priest mumbles some strange prayers to Beogh against you.
Beogh smites you!
You die...

.# ####### .#
#.....####.# .
#########..........###.#.
................)........
#########......##.#.####
# #......#.......>. #
#..)...o#o....... #
#......#@........ #
#.....######.###.
#########(......... ...
#.................. ...
#..........##...... ...
#..........# .....
#<.........# ....
#..........# ...
#.##...##### ..


You could see an orc priest and an orc.

Vanquished Creatures
  Sigmund (D:3)
  A hound (D:4)
  An iguana (D:4)
  2 orc wizards (D:3)
  A worker ant (D:4)
  A gnoll (D:1)
  4 adders
  2 oozes
  An adder skeleton (D:4)
  A worm (D:2)
  A dart slug (D:3)
  2 leopard geckos
  7 orcs
  8 bats
  2 giant cockroaches (D:3)
  11 goblins
  9 hobgoblins
  3 jackals (D:4)
  A quokka (D:2)
  4 frilled lizards
  A jackal skeleton (D:4)
  8 kobolds
  8 rats
80 creatures vanquished.

Notes
Turn   | Place    | Note
-------+----------+-------------------------------------------
     0 | D:1      | grindst0ne the Formicid Fighter began the quest for the Orb.
     0 | D:1      | Reached XP level 1. HP: 18/18 MP: 1/1
    38 | D:1      | Reached XP level 2. HP: 20/24 MP: 2/2
   297 | D:1      | Reached XP level 3. HP: 29/29 MP: 3/3
   781 | D:2      | Found a faded altar of an unknown god.
   962 | D:2      | Reached XP level 4. HP: 31/37 MP: 4/4
  1228 | D:2      | Found a shattered altar of Ashenzari.
  1305 | D:3      | Found a glowing silver altar of Zin.
  1432 | D:3      | Found an iron altar of Okawaru.
  1441 | D:3      | Reached XP level 5. HP: 42/42 MP: 5/5
  1448 | D:3      | Became a worshipper of Warmaster Okawaru
  2012 | D:3      | Noticed Sigmund
  2022 | D:3      | Killed Sigmund
  2022 | D:3      | Reached * piety under Okawaru
  2022 | D:3      | Reached skill level 5 in Shields
  2022 | D:3      | Reached XP level 6. HP: 32/49 MP: 6/6
  2442 | D:4      | Reached XP level 7. HP: 51/55 MP: 7/7
  2517 | D:4      | Found a staircase to the Ecumenical Temple.
  2646 | D:4      | Reached ** piety under Okawaru
  2649 | D:4      | Reached skill level 5 in Armour
  2712 | D:4      | Killed from afar by an orc priest

Vault maps used:
D:1:      dpeg_arrival_tiny_i, minmay_tetromino_l4
D:2:      lemuel_doored_altar, chequers_ecumenical_altar_simple
D:3:      cheibrodos_greedy_goblins, old_standard_altar, first_bread,
          okawaru_gym_becter, uniq_sigmund
D:4:      nicolae_overflow_hidden_temple, minmay_temple_entry_grid,
          makhleb_altar_promises_db

Skill      XL: |  1  2  3  4  5  6  7 |
---------------+----------------------+-----
Shields        | 4 5 |  5.6
Axes           | 3 4 |  4.1
Armour         | 4 5 |  5.0
Fighting       | 4 |  4.8

Action                   |  1- 3 |  4- 6 |  7- 9 || total
-------------------------+-------+-------+-------++-------
Melee: War axe           |    86 |   125 |       ||   211
       Scythe            |       |    17 |    32 ||    49
 Abil: Dig               |     1 |     2 |     1 ||     4
  Use: Potion            |       |     1 |       ||     1
  Eat: Chunk             |       |     6 |     1 ||     7
Armor: Scale mail        |    25 |    51 |    17 ||    93
Dodge: Dodged            |    33 |    62 |     6 ||   101
Block: Shield            |    54 |    74 |    22 ||   150
